 Dungeon Crawl Stone Soup version 0.29.1-2-gbd0b4ee654 (webtiles) character file.

Game seed: 10982824527818479937

55 GorkyZ the Chopper (level 3, 0/22 HPs)
             Began as a Gargoyle Gladiator on Nov 23, 2022.
             Slain by a hobgoblin (1 damage)
             ... on level 2 of the Dungeon.
             The game lasted 00:03:10 (1068 turns).

GorkyZ the Chopper (Gargoyle Gladiator)             Turns: 1068, Time: 00:03:11

Health: 0/22       AC:  9    Str: 19    XL:     3   Next: 93%
Magic:  3/3        EV: 11    Int:  8    God:
Gold:   36         SH:  0    Dex: 11    Spells: 2/2 levels left

rFire   . . .      SeeInvis .   a - +0 war axe
rCold   . . .      Faith    .   (no shield)
rNeg    + . .      Spirit   .   g - +0 ring mail
rPois   ∞          Reflect  .   c - +0 helmet
rElec   +          Harm     .   (no cloak)
rCorr   .          Rampage  .   (no gloves)
Will    .....                   (no boots)
Stlth   +.........              (no amulet)
HPRegen 0.07/turn               (no ring)
MPRegen 0.08/turn               (no ring)

@: no status effects
A: sickness immunity, AC +3, negative energy resistance 1, electricity
resistance, torment resistance 1, petrification resistance
a: no special abilities


You were on level 2 of the Dungeon.
You visited 1 branch of the dungeon, and saw 2 of its levels.

You collected 36 gold pieces.

Inventory:

Hand Weapons
 a - a +0 war axe (weapon)
Missiles
 e - a javelin (quivered)
 h - 3 stones
 m - 6 poisoned darts
Armour
 b - a +0 leather armour
 c - a +0 helmet (worn)
 g - a +0 ring mail (worn)
Scrolls
 f - a scroll of blinking {unknown}
 j - 3 scrolls of identify {unknown}
 k - a scroll of noise {unknown}
 n - a scroll of torment {unknown}
Potions
 i - 2 potions of flight {unknown}
 l - a potion of attraction {unknown}
 o - a potion of resistance {unknown}
 p - a potion of lignification {unknown}


   Skills:
 + Level 2.5 Fighting
 + Level 3.0 Axes
 + Level 2.1 Throwing
 + Level 1.1 Armour
 + Level 2.6 Dodging
 + Level 1.0 Shields
 + Level 1.0 Evocations


You had 2 spell levels left.
You didn't know any spells.
Your spell library was empty.

Dungeon Overview and Level Annotations

Branches:
Dungeon (2/15)

Altars:


Innate Abilities, Weirdness & Mutations

You are immune to sickness and miasma.
Your stone body is resilient. (AC +3)
You are immune to poison.
You resist negative energy. (rN+)
You are resistant to electric shocks. (rElec)
You are resistant to unholy torment.
You are immune to petrification.


Message History

Jessica is caught in the net!
Jessica is lightly wounded.
Jessica struggles against the net.
Jessica struggles against the net.
You see here a throwing net.
You hit Jessica. You punch Jessica.
Jessica is severely wounded.
Jessica gestures at you while chanting. Pain shoots through your body!
* * * LOW HITPOINT WARNING * * *
Jessica struggles against the net.
The hobgoblin barely misses you.
You catch the helpless Jessica completely off-guard!
You hit Jessica.
You kill Jessica!
You closely miss the hobgoblin.
The hobgoblin hits you but does no damage.
Your Axes skill increases to level 3!
Your Armour skill increases to level 1!
Your Shields skill increases to level 1!
Your Evocations skill increases to level 1!
You hit the hobgoblin.
The hobgoblin is moderately wounded.
You hit the hobgoblin.
The hobgoblin is moderately wounded.
You hit the hobgoblin. The hobgoblin hits you.
* * * LOW HITPOINT WARNING * * *
The hobgoblin hits you but does no damage.
You closely miss the hobgoblin.
The hobgoblin is almost dead.
You closely miss the hobgoblin. The hobgoblin barely misses you.
The hobgoblin hits you but does no damage.
The hobgoblin closely misses you. The hobgoblin barely misses you.
You hit the hobgoblin.
The hobgoblin is heavily wounded.
You hit the hobgoblin but do no damage. The hobgoblin barely misses you.
The hobgoblin hits you.
* * * LOW HITPOINT WARNING * * *
You barely miss the hobgoblin.
The hobgoblin is heavily wounded.
You barely miss the hobgoblin. The hobgoblin hits you.
You die...

.# .# .. . .# #..
.##.... #< ....#
#. ###..# ##..
##gg..# ...
#.@#......#
#.###)##.g....#
#.#.....##.......
#..##.....###g#.##
#.# ##.##..# .. #
###.# #(# #......
#...# #.# ##.....
#...# #.# ....
#...# #.# #..


You could see 2 hobgoblins.

Vanquished Creatures
  Jessica (D:2)
  3 dart slugs (D:1)
  An endoplasm (D:1)
  4 giant cockroaches (D:1)
  A goblin (D:1)
  2 hobgoblins
  3 jackals (D:1)
  2 bats (D:1)
  A frilled lizard (D:1)
  4 kobolds (D:1)
22 creatures vanquished.

Notes
Turn   | Place    | Note
-------+----------+-------------------------------------------
     0 | D:1      | GorkyZ the Gargoyle Gladiator began the quest for the Orb.
     0 | D:1      | Reached XP level 1. HP: 12/12 MP: 1/1
   412 | D:1      | Reached XP level 2. HP: 17/17 MP: 2/2
   649 | D:1      | Reached XP level 3. HP: 21/22 MP: 3/3
   881 | D:1      | Found a faded altar of an unknown god.
  1049 | D:2      | Noticed Jessica
  1063 | D:2      | Killed Jessica
  1064 | D:2      | Reached skill level 3 in Axes
  1064 | D:2      | Reached skill level 1 in Armour
  1064 | D:2      | Reached skill level 1 in Shields
  1064 | D:2      | Reached skill level 1 in Evocations
  1065 | D:2      | HP: 1/22 [hobgoblin (1)]
  1068 | D:2      | Slain by a hobgoblin

Illustrated notes

Levels and vault maps discovered:
D:1:      roderic_lyre, layout_basic, hellmonk_ecumenical_altar_inner_sanctum
D:2:      layout_rooms, uniq_jessica

Skill      XL: |  1  2  3 |
---------------+----------+-----
Throwing       | 2 |  2.1
Axes           | 3 |  3.0
Armour         | 1 |  1.1
Shields        | 1 |  1.0
Evocations     | 1 |  1.0
Fighting       | |  2.5
Dodging        | |  2.6

Action                   || total
-------------------------++-------
Melee: War axe           ||    72
       Punch             ||     1
Throw: Stone             ||    10
       Throwing net      ||     3
 Stab: Held in net/web   ||     1
Armor: Ring mail         ||    38
       Leather armour    ||     3
Dodge: Dodged            ||    44
